Map: Ever Dream LE

Players

DnS

  • Race: Protoss Protoss
  • Spawn Location: 1:00

AGOElazer (Elazer) - Winner!

  • Race: Zerg Zerg
  • League: Grandmaster
  • Spawn Location: 7:00

Event: DreamHack SC2 Masters 2020 Summer Europe

VOD

Have the link to the VOD?

Description

Time

  • Played on: July 1, 2020, 1:03 p.m.
  • Length: 11:33

All games in this series

Show
View Real Time Build Order
Export as new Build Order

DnS Protoss 

Build Orders: 1 Gate Expand, Archon Immortal, Archon Drop, Dark Templar Rush 

Get SALT Encoding   

  12  0:00  Probe  
  13  0:12  Probe  
  14  0:18  Pylon  
  14  0:24  Probe  
  15  0:34  Probe  
  15  0:37  Assimilator  
  15  0:42  Gateway, Probe  
  17  0:51  Probe  
  18  1:03  Probe  
  19  1:15  Probe  
  20  1:23  Nexus  
  20  1:32  Cybernetics Core  
  20  1:36  Probe  
  21  1:41  Assimilator  
  21  1:48  Probe  
  21  1:51  Pylon  
  22  1:58  Probe  
  22  2:00  Adept  
  23  2:06  Probe  
  23  2:09  Warp Gate  
  23  2:14  Probe  
  26  2:22  Twilight Council  
  27  2:26  Probe  
  27  2:29  Stalker  
  28  2:33  Probe  
  31  2:40  Probe  
  31  2:43  Probe  
  32  2:44  Robotics Facility  
  33  2:52  Probe  
  33  2:53  Probe  
  35  3:03  Probe  
  35  3:05  Probe  
  37  3:10  Dark Shrine  
  37  3:11  Probe  
  37  3:17  Probe  
  37  3:19  Gateway  
  39  3:20  Probe  
  39  3:25  Gateway  
  40  3:29  Probe  
  40  3:30  Gateway, Warp Prism  
  40  3:33  Probe  
  44  3:45  Assimilator  
  44  3:47  Assimilator  
  44  3:52  Pylon  
  44  3:53  Probe x2  
  46  3:59  Pylon  
  46  4:10  Adept, Probe x2  
  50  4:22  Probe  
  51  4:30  Dark Templar  
  51  4:31  Dark Templar x3  
  59  4:32  Probe  
  59  4:34  Pylon  
  59  4:35  Probe  
  61  4:47  Nexus  
  61  4:50  Immortal  
  61  5:01  Probe x2  
  67  5:10  Pylon  
  67  5:12  Pylon  
  67  5:17  Charge  
  67  5:19  Immortal  
  67  5:25  Archon x2  
  67  5:30  Sentry x2  
  67  5:31  Sentry, Zealot  
  67  5:33  Shield Battery  
  79  5:49  Immortal  
  79  5:52  Gateway  
  79  5:54  Gateway  
  78  5:57  Sentry  
  84  6:07  Gateway  
  84  6:08  Gateway, Pylon  
  84  6:18  Dark Templar x2, Zealot  
  88  6:19  Probe x2  
  88  6:24  Archon  
  88  6:25  Probe  
  93  6:31  Probe x2  
  95  6:37  Probe  
  95  6:39  Zealot  
  98  6:40  Zealot  
  100  6:52  Pylon  
  100  6:53  Pylon  
  100  6:55  Dark Templar x3  
  100  6:56  Dark Templar  
  100  6:59  Archon  
  100  7:00  Archon  
  108  7:04  Pylon  
  108  7:10  Zealot  
  108  7:11  Zealot x3  
  108  7:14  Pylon  
  96  7:32  Zealot x8  
  90  7:38  Immortal  
  70  7:53  Sentry x2  
  70  7:54  Sentry, Zealot  
  70  7:55  Zealot x4  
  84  8:10  Immortal  
  84  8:12  Shield Battery  
  84  8:15  Dark Templar  
  84  8:16  Dark Templar, Zealot x2  
  84  8:17  Zealot  
  98  8:24  Shield Battery  
  98  8:32  Zealot x3  
  96  8:46  Zealot x3  
  90  8:52  Zealot x2  
  90  8:55  Zealot x2  
  86  9:00  Zealot  
  80  9:05  Immortal  
  80  9:07  Zealot x3  
  72  9:12  Zealot x2  
  78  9:19  Dark Templar  
  78  9:22  Dark Templar  
  82  9:33  Dark Templar x2  
  82  9:34  Archon  
  82  9:36  Sentry x3, Zealot  
  94  9:52  Zealot  
  94  9:56  Zealot x2  
  94  9:59  Sentry, Zealot x2  
  106  10:06  Dark Templar  
  106  10:07  Zealot  
  90  10:16  Zealot x2  
  85  10:26  Zealot x2  
  87  10:51  Zealot x3  
  76  11:15  Zealot  
  76  11:16  Zealot x2  
Show
View Real Time Build Order
Export as new Build Order

AGOElazer Zerg - Winner!

Build Orders: Hatch First 

Get SALT Encoding   

  12  0:00  Drone  
  13  0:12  Overlord  
  13  0:16  Drone  
  14  0:30  Drone x2  
  16  0:48  Hatchery  
  15  0:51  Drone  
  15  0:54  Drone  
  17  0:57  Drone  
  18  1:08  Extractor  
  17  1:12  Spawning Pool  
  17  1:15  Drone  
  17  1:19  Drone  
  18  1:27  Drone  
  19  1:38  Drone  
  20  1:49  Drone  
  21  2:00  Drone, Queen x2  
  21  2:01  Overlord  
  26  2:10  Zergling x2  
  26  2:12  Drone  
  28  2:21  Drone x2  
  30  2:27  Hatchery  
  29  2:39  Queen  
  29  2:40  Metabolic Boost, Zergling x2  
  32  2:44  Drone  
  32  2:47  Overlord  
  33  2:53  Drone  
  33  2:54  Drone  
  33  2:56  Drone  
  36  3:05  Overlord  
  36  3:08  Drone  
  36  3:09  Drone  
  36  3:10  Drone x3  
  36  3:12  Drone  
  42  3:17  Queen  
  44  3:26  Drone x3  
  47  3:29  Drone x2  
  49  3:37  Queen  
  49  3:40  Drone x3  
  54  3:49  Drone x4  
  54  3:53  Overlord  
  54  3:54  Roach Warren  
  57  3:57  Zergling x2  
  57  4:00  Overlord  
  58  4:04  Spore Crawler, Zergling x2  
  58  4:11  Spore Crawler  
  58  4:12  Zergling x8  
  58  4:15  Spore Crawler  
  60  4:17  Zergling x2  
  60  4:18  Zergling x6  
  60  4:22  Zergling x4  
  66  4:25  Overlord  
  66  4:26  Zergling x4  
  67  4:33  Zergling x6  
  70  4:40  Overlord  
  70  4:41  Roach  
  72  4:47  Overlord  
  72  4:48  Roach x4  
  72  4:50  Lair, Extractor  
  78  5:00  Roach x3  
  78  5:02  Drone x4  
  78  5:03  Drone  
  78  5:05  Drone  
  88  5:08  Drone x2  
  88  5:10  Drone  
  88  5:13  Extractor  
  90  5:16  Overlord  
  90  5:17  Drone x3  
  90  5:20  Drone x2  
  95  5:24  Extractor  
  95  5:25  Overlord  
  95  5:26  Evolution Chamber  
  94  5:28  Drone  
  94  5:30  Drone  
  94  5:31  Drone  
  94  5:33  Drone  
  94  5:35  Overlord  
  97  5:37  Drone x2  
  97  5:38  Drone, Extractor  
  97  5:39  Drone  
  97  5:42  Drone x2  
  102  5:46  Overlord  
  102  5:49  Overlord  
  102  5:53  Overlord  
  102  5:56  Extractor  
  99  5:59  Drone  
  99  6:01  Glial Reconstitution  
  99  6:03  Zerg Missile Weapons Level 1  
  99  6:05  Hatchery  
  99  6:08  Roach x2  
  99  6:09  Roach  
  105  6:11  Roach  
  105  6:13  Overlord  
  105  6:16  Roach  
  105  6:17  Roach  
  109  6:21  Overlord  
  109  6:24  Roach x3  
  115  6:27  Roach  
  115  6:28  Roach  
  115  6:31  Roach  
  121  6:34  Roach  
  121  6:35  Roach  
  121  6:36  Overlord  
  121  6:37  Roach  
  127  6:41  Roach  
  127  6:47  Overlord  
  129  6:51  Roach x4  
  129  6:52  Overseer  
  133  6:55  Roach x2  
  133  6:57  Roach  
  139  7:04  Roach  
  139  7:05  Roach x2  
  139  7:06  Ravager x4  
  139  7:07  Ravager  
  152  7:08  Roach  
  152  7:10  Ravager  
  153  7:16  Overlord x2  
  129  7:30  Roach x8  
  129  7:36  Roach x3  
  117  7:38  Roach  
  107  7:47  Zergling x12  
  105  7:52  Ravager x2  
  105  7:53  Zergling x6  
  105  7:57  Ravager x3  
  109  8:04  Zergling x12  
  113  8:09  Zergling x6  
  116  8:14  Overlord  
  116  8:17  Zergling x2  
  116  8:18  Zergling x6  
  120  8:27  Zergling x10  
  120  8:30  Overseer  
  120  8:33  Ravager  
  120  8:34  Ravager x2  
  126  8:39  Overseer  
  122  8:44  Roach  
  122  8:45  Roach x4  
  123  8:51  Roach  
  123  8:52  Roach  
  119  8:58  Roach x3  
  100  9:05  Zergling x2  
  91  9:10  Zergling x12  
  97  9:21  Zergling x10  
  102  9:30  Ravager  
  102  9:31  Ravager x7  
  110  9:32  Zergling x2  
  111  9:42  Drone x3  
  111  9:43  Drone  
  111  9:44  Drone  
  116  9:45  Drone  
  116  9:50  Drone x2  
  116  9:51  Drone  
  120  9:59  Zergling x10  
  125  10:08  Roach  
  125  10:09  Roach x3  
  125  10:13  Roach x3  
  138  10:17  Roach x2  
  139  10:26  Roach x3  
  144  10:29  Baneling Nest  
  144  10:34  Overlord x3  
  139  10:53  Drone x2  
  139  10:54  Drone x2  
  139  10:56  Drone x4  
  147  10:57  Overlord  
  147  10:58  Roach x6  
  145  11:13  Roach x6  
Tags
 
Add a new tag
Caveats
  • Supply blocks, unpowered buildings, or Contaminate may cause inaccurate times.
  • Supply counts are checked every 10 seconds.